 Dungeon Crawl Stone Soup version 0.21.1-1-g345015fe64 (webtiles) character file.

1165 KamiKatze the Chopper (level 8, -3/93 HPs)
             Began as a Human Berserker on Feb 9, 2018.
             Was an Elder of Trog.
             Slain by a large slime creature (25 damage)
             ... on level 5 of the Dungeon.
             The game lasted 00:21:28 (5067 turns).

KamiKatze the Chopper (Human Berserker)             Turns: 5067, Time: 00:21:28

Health: -3/93      AC: 12    Str: 27    XL:     8   Next: 67%
Magic:  0/8        EV: 11    Int:  3    God:    Trog [****..]
Gold:   273        SH:  0    Dex: 13    Spells: 7/7 levels left

rFire    . . .     SeeInvis .   a - +0 hand axe
rCold    . . .     Gourm    .   (no shield)
rNeg     . . .     Faith    .   D - +2 chain mail of Wokhel {Regen+ Str+2 Int-4}
rPois    .         Spirit   +   v - +0 helmet
rElec    .         Reflect  .   (no cloak)
rCorr    .         Harm     .   (no gloves)
MR       .....                  (no boots)
Stlth    ..........             f - amulet of guardian spirit
HPRegen  0.65/turn              F - ring of stealth
MPRegen  0.11/turn              (no ring)

@: berserking (expiring), very quick
A: no striking features
a: Berserk, Trog's Hand, Brothers in Arms, Burn Spellbooks, Renounce Religion


You were on level 5 of the Dungeon.
You worshipped Trog.
Trog was greatly pleased with you.
You were hungry.

You visited 2 branches of the dungeon, and saw 6 of its levels.

You collected 273 gold pieces.

Inventory:

Hand Weapons
 a - a +0 hand axe (weapon)
 b - a +0 blowgun
 d - a +3 mace
 z - a +0 flail
 B - a +0 morningstar
Missiles
 h - 29 poisoned needles
 t - 5 needles of confusion
 x - 2 tomahawks of returning (quivered)
 A - 8 curare-tipped needles
 C - 4 tomahawks
Armour
 u - a +0 scale mail
 v - a +0 helmet (worn)
 D - the +2 chain mail of Wokhel (worn) {Regen+ Str+2 Int-4}
   (You found it on level 5 of the Dungeon)

   It affects your strength (+2).
   It affects your intelligence (-4).
   It increases your rate of regeneration.
Jewellery
 f - an amulet of guardian spirit (around neck)
 F - a ring of stealth (left hand)
Scrolls
 e - 5 scrolls of remove curse
 g - 2 scrolls of teleportation
 k - a scroll of blinking {unknown}
 s - a scroll of fog {unknown}
 w - a scroll of magic mapping {unknown}
 y - a scroll of amnesia {unknown}
 E - a scroll of enchant armour {unknown}
Potions
 i - 2 potions of flight
 j - a potion of ambrosia
 m - 3 potions of heal wounds
 n - 5 potions of curing
 o - 2 potions of brilliance
 p - 2 potions of mutation
 q - 4 potions of lignification
 r - a potion of magic
Comestibles
 c - 10 rations


   Skills:
 + Level 5.2 Fighting
 * Level 6.9 Axes
 + Level 4.6 Armour
 + Level 4.6 Dodging


You had 7 spell levels left.
You didn't know any spells.

Dungeon Overview and Level Annotations

Branches:
Dungeon (5/15)             Temple (1/1) D:4

Altars:
Ashenzari
Dithmenos
Elyvilon
Gozag
Hepliaklqana
Kikubaaqudgha
Makhleb
Nemelex Xobeh
Okawaru
Qazlal
Sif Muna
Uskayaw
Vehumet
Wu Jian
Xom
The Shining One
Lugonu

Shops:
D:5 }


Message History

You slash the large slime creature!
The large slime creature is heavily wounded.
The large slime creature barely misses you.
You slash the large slime creature!
The large slime creature is heavily wounded.
The large slime creature hits you but does no damage.
You slash the large slime creature!
The large slime creature is heavily wounded.
Your chain mail of Wokhel prevents you from hitting the large slime creature.
The large slime creature is heavily wounded.
The large slime creature misses you.
You slash the large slime creature!
The large slime creature is severely wounded.
You slash the large slime creature!
The large slime creature is almost dead.
The large slime creature closely misses you.
You hit the large slime creature.
The large slime creature is almost dead.
The large slime creature hits you!!
You die...

..........# #.#
#..##..#..###.######
......###............ ##
.......#.|###.####### #.
#..###....# #.# #)
#..####.#.# #.# #.
........#.# #.# #.# #)
...(###.#.###.##### #.# #[
#..####.#......J@.# #.#
###. ..............###<#
#.# #... .#.####.#######
#[# #.########.## ...# #.#
#.# #.#......<.# .### #.#
##.###.#.######.## ## #J#
##...##....# #.[. #.###
##..........# ###.
#######...####.....#.....#
#.
..).J...#.##...........###
#.


You could see a large slime creature.

Vanquished Creatures
  An ice beast (D:4)
  A phantom (D:4)
  A centaur (D:4)
  2 big kobolds (D:5)
  A bullfrog zombie (D:5)
  4 hounds
  2 crimson imps
  A jelly (D:5)
  4 orc wizards
  A bullfrog skeleton (D:4)
  2 centaur skeletons
  Terence (D:2)
  An iguana (D:5)
  A worker ant (D:5)
  A hound skeleton (D:4)
  3 gnolls (D:4)
  9 adders
  A shadow imp (D:5)
  3 oozes
  3 worms (D:3)
  3 dart slugs
  5 leopard geckos
  10 orcs
  7 bats
  5 giant cockroaches
  4 goblins
  7 hobgoblins
  9 jackals
  6 frilled lizards
  A giant cockroach zombie (D:5)
  A jackal skeleton (D:4)
  14 kobolds
  8 rats
123 creatures vanquished.

Vanquished Creatures (others)
  2 fungi (D:5)
  9 toadstools (D:5)
11 creatures vanquished.

Grand Total: 134 creatures vanquished

Notes
Turn   | Place    | Note
-------+----------+-------------------------------------------
     0 | D:1      | KamiKatze the Human Berserker began the quest for the Orb.
     0 | D:1      | Reached XP level 1. HP: 18/18 MP: 1/1
   488 | D:1      | Reached XP level 2. HP: 16/24 MP: 2/2
   732 | D:1      | Reached XP level 3. HP: 13/29 MP: 3/3
   948 | D:2      | Found a radiant altar of Vehumet.
   984 | D:2      | Found an ancient bone altar of Kikubaaqudgha.
  1029 | D:2      | Reached ** piety under Trog
  1275 | D:2      | Found an iron altar of Okawaru.
  1290 | D:2      | Reached XP level 4. HP: 13/35 MP: 4/4
  1410 | D:2      | Noticed Terence
  1738 | D:2      | Killed Terence
  1738 | D:2      | Reached skill level 4 in Axes
  1919 | D:2      | Reached XP level 5. HP: 41/41 MP: 5/5
  2613 | D:3      | Noticed a hand axe
  2614 | D:3      | Noticed a dagger
  2617 | D:3      | Found a hide-covered altar of Uskayaw.
  2772 | D:3      | Found a sparkling altar of Nemelex Xobeh.
  3095 | D:3      | Found a deep blue altar of Sif Muna.
  3241 | D:4      | Found a staircase to the Ecumenical Temple.
  3247 | D:4      | Noticed a centaur
  3291 | D:4      | Reached XP level 6. HP: 36/48 MP: 2/6
  3434 | D:4      | Noticed an ice beast
  3604 | D:4      | Reached *** piety under Trog
  3629 | D:4      | Reached skill level 5 in Axes
  3645 | D:4      | Noticed a phantom
  3717 | D:4      | Killed a phantom
  3717 | D:4      | Reached XP level 7. HP: 44/54 MP: 7/7
  4149 | D:4      | Found a burning altar of Makhleb.
  4150 | D:4      | Found a shimmering altar of Xom.
  4228 | Temple   | Entered the Ecumenical Temple
  4292 | D:5      | Entered Level 5 of the Dungeon
  4318 | D:5      | Reached skill level 6 in Axes
  4340 | D:5      | Reached XP level 8. HP: 55/61 MP: 6/8
  4495 | D:5      | Found a shadowy altar of Dithmenos.
  4538 | D:5      | Got a fine chain mail
  4549 | D:5      | Identified the +2 chain mail of Wokhel {Regen+ Str+2 Int-4} (You found it on level 5 of the Dungeon)
  4738 | D:5      | Reached skill level 5 in Fighting
  4746 | D:5      | Found Xarilym's Gadget Shoppe.
  4895 | D:5      | Reached **** piety under Trog
  4973 | D:5      | Noticed a slime creature
  4990 | D:5      | Noticed a slime creature
  4993 | D:5      | Noticed a slime creature
  5067 | D:5      | Slain by a large slime creature

Skill      XL: |  1  2  3  4  5  6  7  8 |
---------------+-------------------------+-----
Axes           | 4 5 6 |  6.9
Dodging        | 3 4 |  4.6
Armour         | 3 4 |  4.6
Fighting       | 4 5 |  5.2

Action                   |  1- 3 |  4- 6 |  7- 9 || total
-------------------------+-------+-------+-------++-------
Melee: Hand axe          |   110 |   217 |   280 ||   607
       Mace              |       |       |     1 ||     1
Throw: Tomahawk          |       |     3 |       ||     3
Invok: Berserk           |     1 |     3 |     4 ||     8
       Trog's Hand       |       |     2 |     1 ||     3
  Use: Scroll            |     2 |     3 |     6 ||    11
 Stab: Sleeping          |     1 |     1 |       ||     2
  Eat: Chunk             |     2 |    10 |     6 ||    18
       Ration            |       |       |     1 ||     1
Armor: Animal skin       |    27 |    10 |       ||    37
       Ring mail         |       |    21 |       ||    21
       Scale mail        |       |    24 |    58 ||    82
       Leather armour    |       |    15 |       ||    15
       Chain mail        |       |       |    59 ||    59
Dodge: Dodged            |    83 |   124 |   117 ||   324
